 Dungeon Crawl Stone Soup version 0.25.0-7-g216d0a8 (webtiles) character file.

Game seed: 1891036591083359346

16200 shmeve the Cleaver (level 12, -3/113 HPs)
             Began as a Minotaur Berserker on June 16, 2020.
             Was an Elder of Trog.
             Slain by an orc knight
             ... wielding a +0 great mace
              (9 damage)
             ... on level 2 of the Orcish Mines.
             The game lasted 00:18:38 (10815 turns).

shmeve the Cleaver (Minotaur Berserker)            Turns: 10815, Time: 00:18:38

Health: -3/113     AC: 21    Str: 24    XL:     12   Next: 8%
Magic:  3/3        EV: 11    Int:  5    God:    Trog [****..]
Gold:   759        SH:  0    Dex: 12    Spells: 11/11 levels left

rFire    . . .     SeeInvis .   y - +3 battleaxe (antimagic)
rCold    . . .     Gourm    .   (shield currently unavailable)
rNeg     + . .     Faith    .   o - +0 plate armour
rPois    .         Spirit   .   f - +0 hat
rElec    .         Reflect  .   e - +0 cloak
rCorr    .         Harm     .   (no gloves)
MR       ++...                  p - +0 pair of boots
Stlth    ..........             (no amulet)
HPRegen  1.28/turn              j - +4 ring of protection
MPRegen  0.08/turn              n - ring of positive energy

@: mighty, berserk cooldown, regenerating, slowed, very slow
A: retaliatory headbutt, horns 2
a: Berserk, Trog's Hand, Brothers in Arms, Renounce Religion


You were on level 2 of the Orcish Mines.
You worshipped Trog.
Trog was greatly pleased with you.
You were hungry.

You visited 4 branches of the dungeon, and saw 14 of its levels.

You collected 928 gold pieces.
You spent 169 gold pieces at shops.

Inventory:

Hand Weapons
 w - a +0 war axe
 y - a +3 antimagic battleaxe (weapon)
Missiles
 D - 19 boomerangs (quivered)
 E - 3 javelins
 K - a throwing net
Armour
 e - a +0 cloak (worn)
 f - a +0 hat (worn)
 o - a +0 plate armour (worn)
 p - a +0 pair of boots (worn)
Jewellery
 j - a +4 ring of protection (left hand)
 n - a ring of positive energy (right hand)
Wands
 F - a wand of acid (11)
 I - a wand of disintegration (16)
Scrolls
 a - a scroll of enchant weapon {unknown}
 b - 6 scrolls of teleportation
 d - a scroll of vulnerability {unknown}
 h - 2 scrolls of fear {unknown}
 i - 3 scrolls of remove curse
 k - 2 scrolls of immolation {unknown}
 l - 2 scrolls of enchant armour {unknown}
 m - 3 scrolls of magic mapping {unknown}
 q - 4 scrolls of identify
 C - 2 scrolls of random uselessness {unknown}
 J - a scroll of blinking {unknown}
Potions
 g - 4 potions of flight
 r - 6 potions of curing
 s - 5 potions of brilliance {unknown}
 t - a potion of haste {unknown}
 u - 3 potions of mutation {unknown}
 x - 2 potions of invisibility {unknown}
 z - 4 potions of stabbing {unknown}
 A - a potion of berserk rage {unknown}
 B - a potion of might
 G - 3 potions of lignification {unknown}
 H - 2 potions of heal wounds {unknown}
Comestibles
 c - 23 rations
 v - a chunk of flesh


   Skills:
 * Level 12.7 Fighting
 * Level 12.9 Axes
 + Level 7.4 Throwing
 + Level 9.4 Armour
 + Level 8.6 Dodging


You had 11 spell levels left.
You didn't know any spells.
Your spell library was empty.

Dungeon Overview and Level Annotations

Branches:
Dungeon (10/15)            Temple (1/1) D:4            Lair (1/6) D:9
    Orc (2/2) D:10            Elf (0/3) Orc:2

Altars:
Ashenzari
Cheibriados
Dithmenos
Elyvilon
Fedhas
Gozag
Hepliaklqana
Kikubaaqudgha
Makhleb
Nemelex Xobeh
Okawaru
Qazlal
Ru
Sif Muna
Trog
Uskayaw
Vehumet
Wu Jian
Xom
Yredelemnul
Zin
The Shining One

Shops:
D:5 !   D:6 (   Orc:2 !


Innate Abilities, Weirdness & Mutations

You reflexively headbutt those who attack you in melee.
You have a pair of horns on your head.


Message History

The orc priest calls down the wrath of Beogh upon you.
Beogh smites you!
* * * LOW HITPOINT WARNING * * *
The orc warrior closely misses you.
You feel very mighty all of a sudden.
The orc knight hits you but does no damage.
The orc priest closely misses you.
The orc warrior hits you from afar with a +0 trident.
* * * LOW HITPOINT WARNING * * *
The orc priest closely misses you. You furiously retaliate!
You headbutt the orc priest! The orc knight closely misses you.
Your plate armour prevents you from hitting the orc knight.
You headbutt the orc knight!
The orc knight is lightly wounded.
You hit the orc priest.
The orc warrior hits you from afar with a +0 trident!
* * * LOW HITPOINT WARNING * * *
The orc priest hits you but does no damage.
The orc knight hits you with a +0 great mace!
You die...

##.##.......##
#...#........#
##.#.........#
#..........#####
##.............##
#.......#....#...#
$........###..o...#
#........#
#oooo.#####
###......#
#@#........
.....##.#
###........
......... #........
....^....
..#≈§≈§#o#


#oO ≈§≈≈# # #h. ≈o§§oo #.o o§§§..o ∩.o ####... You could see an orc knight
(strong), an orc warrior (strong), 2 orc priests and an orc (strong).

Vanquished Creatures
  Gastronok (D:10)
  Fannar (Orc:1)
  The ghost of MackTheFife the Archer, a journeyman CeHu of Dithmenos (D:10)
  Harold (Orc:1)
  2 two-headed ogres
  An orc high priest (Orc:2)
  Pikel (D:7)
  3 orc knights (Orc:2)
  An orc sorcerer (Orc:2)
  A cyclops (Orc:2)
  2 trolls (D:10)
  2 hornets (D:10)
  Sigmund (D:2)
  A wraith (D:10)
  7 yaks (D:10)
  A wyvern (D:9)
  Menkaure (D:6)
  A warg (Orc:2)
  A soldier ant (D:10)
  6 orc warriors
  An ice beast (D:6)
  A black bear (D:8)
  2 sky beasts
  2 eyes of draining
  8 ogres
  2 centaurs
  A crocodile (D:7)
  2 big kobolds
  Blork the orc (D:4)
  5 bullfrogs
  4 scorpions
  A wyvern skeleton (D:6)
  8 wights
  A killer bee (D:10)
  An electric eel (D:10)
  2 howler monkeys (D:4)
  2 crimson imps
  A bullfrog zombie (D:6)
  6 jellies
  2 quasits
  2 centaur skeletons
  9 hounds
  7 orc priests
  3 bullfrog skeletons
  Jessica (D:3)
  Ijyb (D:3)
  9 orc wizards
  12 worker ants
  3 hound skeletons
  A worker ant zombie (D:5)
  3 gnolls (D:6)
  16 adders
  5 shadow imps
  An ooze (D:3)
  An adder skeleton (D:8)
  2 worms
  A dart slug (D:1)
  2 leopard geckos
  28 orcs
  2 giant cockroaches
  4 goblins
  5 hobgoblins
  9 jackals
  4 quokkas
  A ball python (D:6)
  2 bats
  2 frilled lizards (D:4)
  17 kobolds
  A leopard gecko zombie (D:6)
  A quokka skeleton (D:9)
  4 rats
248 creatures vanquished.

Vanquished Creatures (others)
  An ogre (D:7)
  An orc wizard (D:7)
  3 orcs
  A quokka (D:7)
  2 kobolds (D:7)
8 creatures vanquished.

Grand Total: 256 creatures vanquished

Notes
Turn   | Place    | Note
-------+----------+-------------------------------------------
     0 | D:1      | shmeve the Minotaur Berserker began the quest for the Orb.
     0 | D:1      | Reached XP level 1. HP: 19/19 MP: 0/0
   299 | D:1      | Reached XP level 2. HP: 27/27 MP: 1/1
   916 | D:2      | Reached XP level 3. HP: 27/33 MP: 2/2
  1030 | D:2      | Noticed Sigmund
  1046 | D:2      | Killed Sigmund
  1046 | D:2      | Reached skill level 5 in Fighting
  1046 | D:2      | Reached skill level 5 in Axes
  1046 | D:2      | Reached skill level 1 in Throwing
  1046 | D:2      | Reached XP level 4. HP: 24/42 MP: 3/3
  1046 | D:2      | Reached XP level 5. HP: 27/48 MP: 4/4
  1462 | D:2      | Found a stormy altar of Qazlal.
  1600 | D:3      | Found a sparkling altar of Nemelex Xobeh.
  1741 | D:3      | Found a hide-covered altar of Uskayaw.
  1960 | D:3      | Found a white marble altar of Elyvilon.
  1968 | D:3      | Noticed Jessica
  1981 | D:3      | Killed Jessica
  2010 | D:3      | Reached ** piety under Trog
  2038 | D:3      | Reached XP level 6. HP: 54/56 MP: 5/5
  2165 | D:3      | Noticed Ijyb
  2175 | D:3      | Killed Ijyb
  2356 | D:3      | Found a bloodstained altar of Trog.
  2861 | D:4      | Found a staircase to the Ecumenical Temple.
  2872 | Temple   | Entered the Ecumenical Temple
  2908 | D:4      | Noticed Blork the orc
  2921 | D:4      | Killed Blork the orc
  2921 | D:4      | Reached XP level 7. HP: 63/63 MP: 6/6
  3577 | D:5      | Entered Level 5 of the Dungeon
  3683 | D:5      | Found an opulent altar of Gozag.
  3741 | D:5      | Reached *** piety under Trog
  4017 | D:5      | Reached XP level 8. HP: 71/71 MP: 7/7
  4172 | D:5      | Reached skill level 5 in Armour
  4374 | D:5      | Found Ymumm's Distillery.
  4378 | D:5      | Bought 2 potions of curing for 78 gold pieces
  4378 | D:5      | Bought a potion of flight for 39 gold pieces
  4378 | D:5      | Bought a potion of might for 52 gold pieces
  4456 | D:6      | Found Ixi Maus's Antique Weapon Boutique.
  5038 | D:6      | Reached skill level 5 in Dodging
  5228 | D:6      | Reached **** piety under Trog
  5440 | D:6      | Noticed Menkaure
  5445 | D:6      | Killed Menkaure
  5613 | D:6      | Reached XP level 9. HP: 81/82 MP: 8/8
  5816 | D:6      | Found an iron altar of Okawaru.
  5878 | D:7      | Noticed Pikel
  5885 | D:7      | Killed Pikel
  5894 | D:7      | Found a snail-covered altar of Cheibriados.
  6187 | D:7      | Found a glowing silver altar of Zin.
  6620 | D:7      | Found a blossoming altar of Fedhas.
  7237 | D:8      | Reached skill level 5 in Throwing
  7614 | D:8      | Found a burning altar of Makhleb.
  7615 | D:8      | Found a sacrificial altar of Ru.
  7927 | D:9      | Reached skill level 10 in Axes
  7927 | D:9      | Reached XP level 10. HP: 93/93 MP: 9/9
  7948 | D:9      | Found a staircase to the Lair.
  8255 | D:9      | Noticed a two-headed ogre
  8258 | D:9      | Reached skill level 10 in Fighting
  8263 | D:9      | Killed a two-headed ogre
  8426 | D:10     | Entered Level 10 of the Dungeon
  8428 | D:10     | Noticed Gastronok
  8444 | D:10     | Killed Gastronok
  8629 | D:10     | Reached XP level 11. HP: 84/102 MP: 5/10
  8753 | D:10     | Found an ancient bone altar of Kikubaaqudgha.
  8753 | D:10     | Found a runed translucent door.
  8767 | D:10     | Reached ***** piety under Trog
  9139 | D:10     | Received a gift from Trog
  9165 | D:10     | Found a staircase to the Orcish Mines.
  9311 | D:10     | Paralysed by a hornet for 1 turns
  9780 | D:10     | Noticed MackTheFife's ghost (journeyman CeHu)
  9823 | D:10     | Killed MackTheFife's ghost
 10190 | Lair:1   | Entered Level 1 of the Lair of Beasts
 10292 | Orc:1    | Entered Level 1 of the Orcish Mines
 10294 | Orc:1    | Noticed Fannar
 10307 | Orc:1    | Killed Fannar
 10448 | Orc:1    | Noticed Harold
 10460 | Orc:1    | Killed Harold
 10570 | Orc:2    | Entered Level 2 of the Orcish Mines
 10576 | Orc:2    | Noticed an orc sorcerer
 10577 | Orc:2    | Found a staircase to the Elven Halls.
 10586 | Orc:2    | Killed an orc sorcerer
 10779 | Orc:2    | Noticed an orc knight
 10780 | Orc:2    | Noticed an orc knight
 10781 | Orc:2    | Noticed an orc knight
 10781 | Orc:2    | Noticed a two-headed ogre
 10781 | Orc:2    | Found Zaet's Distillery.
 10781 | Orc:2    | Noticed an orc knight
 10781 | Orc:2    | Noticed an orc high priest
 10800 | Orc:2    | Killed an orc knight
 10802 | Orc:2    | Killed an orc high priest
 10804 | Orc:2    | Killed a two-headed ogre
 10804 | Orc:2    | Reached XP level 12. HP: 113/113 MP: 3/11
 10815 | Orc:2    | Slain by an orc knight

Illustrated notes

Levels and vault maps discovered:
D:1:      wheals_arrival_shading, layout_loops_cross
D:2:      layout_basic, marbit_many_paths, uniq_sigmund
D:3:      layout_basic, lemuel_doored_altar, eat_drink_and_be_merry_uskayaw,
          old_standard_altar, eino_tiny_chamber, trog_hazing_becter,
          uniq_jessica, uniq_ijyb
D:4:      layout_rooms, temple_hall, first_ration, uniq_blork_the_orc
D:5:      layout_loops_corners, serial_shops, shop_statue, grunt_gozag_statues
D:6:      layout_basic, lemuel_coloured_pillars_altar, serial_shops,
          nicolae_shop_crystal, hangedman_decor_points,
          ebering_dispersal_statue_hall, uniq_menkaure
D:7:      layout_loops_ring, kennysheep_mini, kennysheep_little_box,
          old_standard_altar, uniq_pikel
D:8:      layout_gridville, gammafunk_temple_overflow_pools
D:9:      layout_roguey, lair_entry_dummy
D:10:     kennysheep_ambush_hall, layout_gridville, erik_orc_2, basic_altar,
          hellmonk_ghost_happy_afterlife, hangedman_pestilent_swarm,
          minivault_27, uniq_gastronok
Temple:   nicolae_temple_no_exploring_needed
Lair:1:   layout_small_grid, beast_lair_carwin_6, grunt_megastairs_3,
          lemuel_fruit_fields, uniq_nergalle, uniq_sonja
Orc:1:    layout_diamond_mine, uniq_erica, uniq_harold, uniq_fannar
Orc:2:    st_orc_congregation, layout_diamond_mine, guppyfry_orc_lava_fort

Skill      XL: |  1  2  3  4  5  6  7  8  9 10 11 |
---------------+----------------------------------+-----
Fighting       | 4 5 6 8 9 11 12 | 12.7
Axes           | 4 5 6 7 8 10 11 12 | 12.9
Throwing       | 1 2 3 4 5 6 7 |  7.4
Armour         | 3 4 5 6 8 9 |  9.4
Dodging        | 3 4 5 6 7 8 |  8.6

Action                   |  1- 3 |  4- 6 |  7- 9 | 10-12 || total
-------------------------+-------+-------+-------+-------++-------
Melee: Hand axe          |    36 |    34 |       |       ||    70
       Headbutt          |     5 |    18 |    61 |    46 ||   130
       War axe           |       |    80 |   270 |    93 ||   443
       Battleaxe         |       |       |       |   103 ||   103
Throw: Boomerang         |       |       |    43 |    21 ||    64
Invok: Berserk           |     1 |     1 |     4 |    11 ||    17
       Trog's Hand       |       |       |       |     9 ||     9
  Use: Scroll            |       |       |     8 |       ||     8
       Potion            |       |       |       |     1 ||     1
 Stab: Sleeping          |       |     1 |       |       ||     1
  Eat: Chunk             |       |     7 |    18 |    15 ||    40
       Ration            |       |       |     1 |     2 ||     3
Armor: Animal skin       |     5 |     1 |       |       ||     6
       Plate armour      |       |    71 |   195 |   147 ||   413
       Skin              |       |     8 |       |       ||     8
Dodge: Dodged            |    28 |    53 |   114 |   154 ||   349
